 Dungeon Crawl Stone Soup version 0.18-a0-1350-g404b4cb (webtiles) character file.

109 Kidiri the Magician (level 4, -1/24 HPs)
             Began as a Deep Elf Wizard on Feb 18, 2016.
             Killed from afar by an orc wizard (11 damage)
             ... with a puff of flame
             ... on level 3 of the Dungeon.
             The game lasted 00:08:01 (2784 turns).

Kidiri the Magician (Deep Elf Wizard)               Turns: 2784, Time: 00:08:02

Health: -1/24      AC:  4    Str:  4    XL:     4   Next: 59%
Magic:  0/12       EV: 13    Int: 24    God:
Gold:   98         SH:  0    Dex: 13    Spells: 6 memorised, 0 levels left

rFire  . . .     SeeInvis .     i - +0 dagger
rCold  . . .     Gourm    .     a - +0 robe
rNeg   . . .     Faith    +     (no shield)
rPois  .         Spirit   .     l - +0 helmet (curse)
rElec  .         Dismiss  .     (no cloak)
rCorr  .         Reflect  .     (no gloves)
SustAt .         Harm     .     x - +0 pair of boots
MR     .....                    n - amulet of faith
Stlth  ++........               (no ring)
                                (no ring)

@: not resistant to hostile enchantments, unstealthy
A: no striking features
a: no special abilities


You were on level 3 of the Dungeon.
You were hungry.

You visited 1 branch of the dungeon, and saw 3 of its levels.

You collected 98 gold pieces.

Inventory:

Hand Weapons
 i - a +0 dagger (weapon)
Armour
 a - a +0 robe (worn)
 b - a +0 hat
 l - a cursed +0 helmet (worn)
 x - a +0 pair of boots (worn)
Jewellery
 n - an amulet of faith (around neck)
Scrolls
 h - a scroll of teleportation
 k - a scroll of fear {unknown}
 r - 2 scrolls of random uselessness {unknown}
 t - a scroll of remove curse {unknown}
Potions
 m - a potion of brilliance
 o - a potion of beneficial mutation {unknown}
 s - a potion of cure mutation {unknown}
 u - a potion of might {unknown}
 v - a potion of haste {unknown}
Books
 c - a book of Minor Magic

   Spells                             Type                      Level
   a - Magic Dart                     Conjuration                  1
   b - Blink                          Translocation                2
   c - Call Imp                       Summoning                    2
   d - Repel Missiles                 Charms/Air                   2
   e - Slow                           Hexes                        2
   f - Conjure Flame                  Conjuration/Fire             3
   g - Mephitic Cloud                 Conjuration/Poison/Air       3
Comestibles
 d - a bread ration
 j - a meat ration
 q - a beef jerky
 w - 2 fruits


   Skills:
 + Level 0.4 Fighting
 + Level 1.0 Armour
 * Level 3.6 Dodging
 + Level 2.9 Stealth
 * Level 4.9 Spellcasting
 + Level 1.7 Conjurations
 + Level 1.1 Hexes
 + Level 1.1 Charms
 + Level 1.3 Summonings
 + Level 1.4 Translocations
 + Level 0.6 Air Magic


You couldn't memorise any spells.
You knew the following spells:

 Your Spells              Type           Power        Failure   Level  Hunger
a - Magic Dart            Conj           ##..         6%          1    None
b - Blink                 Tloc           N/A          10%         2    None
c - Call Imp              Summ           ##......     10%         2    None
d - Repel Missiles        Chrm/Air       ##....       12%         2    None
e - Slow                  Hex            ##......     12%         2    None
f - Conjure Flame         Conj/Fire      ##......     21%         3    ##.....


Dungeon Overview and Level Annotations

Branches:
Dungeon (3/15)

Altars:


Message History

You miss something. Something hits you but does no damage.
Casting: Magic Dart
Confirm with . or Enter, or press ? or * to list all spells.
Aiming: Magic Dart
Press: ? - help, Shift-Dir - straight line, f/p - orc
Aim: an orc, wielding an enchanted dagger The magic dart hits something.
Something hits you but does no damage.
Drink which item? (? for menu, Esc to quit)
It was a potion of resistance.
You feel protected. Something hits you but does no damage.
Drink which item? (? for menu, Esc to quit)
It was a potion of cancellation.
Your magical effects are unravelling.
You feel magically purged.
You feel a little less clever now.
Your resistance to elements expires.
You hear some strange, mumbled words.
A puff of flame appears from out of thin air!
The puff of flame hits you!
You die...

#..#......
#.†#....) #..#.o..
#..#.o. #..#..#
#####..#..#
.......#..#######.#
.........o{@....(.#
.........<#########
.................
#####.###########
#.. ###


You could see an orc.

Vanquished Creatures
  A gnoll (D:2)
  3 adders (D:2)
  2 worms (D:2)
  A giant gecko (D:1)
  3 orcs (D:3)
  4 giant cockroaches
  9 hobgoblins
  2 jackals (D:1)
  4 kobolds
  A ball python (D:2)
  10 bats
  A giant newt (D:2)
  6 goblins
  3 rats
50 creatures vanquished.

Vanquished Creatures (collateral kills)
  3 gnolls (D:2)
3 creatures vanquished.

Grand Total: 53 creatures vanquished

Notes
Turn   | Place    | Note
--------------------------------------------------------------
     0 | D:1      | Kidiri the Deep Elf Wizard began the quest for the Orb.
     0 | D:1      | Reached XP level 1. HP: 10/10 MP: 7/7
   296 | D:1      | Reached XP level 2. HP: 15/15 MP: 5/9
   300 | D:1      | Learned a level 2 spell: Blink
   303 | D:1      | Learned a level 2 spell: Call Imp
   306 | D:1      | Learned a level 2 spell: Repel Missiles
   309 | D:1      | Learned a level 2 spell: Slow
   975 | D:1      | Reached XP level 3. HP: 16/19 MP: 4/11
  1728 | D:2      | Reached XP level 4. HP: 22/24 MP: 6/12
  1732 | D:2      | Reached skill level 1 in Armour
  1807 | D:2      | Learned a level 3 spell: Conjure Flame
  1910 | D:2      | Reached skill level 1 in Hexes
  2305 | D:2      | Reached skill level 1 in Charms
  2784 | D:3      | Killed from afar by an orc wizard

Vault maps used:
D:1:      lemuel_arrival_rhombus
D:2:      kennysheep_big_flooded_room

Action                   |  1- 3 |  4- 6 || total
-------------------------+-------+-------++-------
Melee: Unarmed           |     1 |       ||     1
       Dagger            |     9 |    17 ||    26
 Cast: Magic Dart        |    89 |    43 ||   132
       Call Imp          |     2 |     1 ||     3
       Conjure Flame     |       |     2 ||     2
  Use: Scroll            |     1 |       ||     1
       Potion            |       |     5 ||     5
 Stab: Sleeping          |     1 |       ||     1
  Eat: Chunk             |     2 |     3 ||     5
